 Dungeon Crawl Stone Soup version 0.20-a0-1089-g3fde505 (webtiles) character file.

41307 nikopol the Cleaver (level 14, -10/88 HPs)
             Began as a Gargoyle Berserker on Apr 30, 2017.
             Was a High Priest of Trog.
             Mangled by an orc knight
             ... wielding a +0 great mace
              (21 damage)
             ... on level 1 of the Orcish Mines on May 2, 2017.
             The game lasted 00:56:30 (15264 turns).

nikopol the Cleaver (Gargoyle Berserker)           Turns: 15264, Time: 00:56:31

Health: -10/88     AC: 25    Str: 21    XL:     14   Next: 14%
Magic:  14/14      EV: 15    Int: 12    God:    Trog [*****.]
Gold:   975        SH:  0    Dex: 13    Spells: 13/13 levels left

rFire    + . .     SeeInvis .   a - +6 broad axe (chop)
rCold    . . .     Gourm    .   (no shield)
rNeg     + . .     Faith    .   n - +6 scale mail of the Three Stars {rCorr Int+3}
rPois    ∞         Spirit   .   (no helmet)
rElec    +         Reflect  .   (no cloak)
rCorr    +         Harm     .   (no gloves)
MR       +....                  m - +0 pair of boots
Stlth    ..........             R - amulet of regeneration
Regen    0.7/turn               A - ring of protection from fire
MPRegen  0.2/turn               S - +1 ring of evasion

@: slowed, very slow
A: big wings, negative energy resistance 1, electricity resistance, unbreathing,
petrification resistance, rot immunity, AC +9
a: Fly, Berserk, Trog's Hand, Brothers in Arms, Burn Spellbooks, Renounce
Religion


You were on level 1 of the Orcish Mines.
You worshipped Trog.
Trog was extremely pleased with you.
You were near starving.

You visited 3 branches of the dungeon, and saw 16 of its levels.

You collected 1218 gold pieces.
You spent 243 gold pieces at shops.

Inventory:

Hand Weapons
 a - a +6 broad axe of chopping (weapon)
 u - a +1 longbow of flaming
 z - a +9 shortbow of velocity
 J - a +4 morningstar of freezing
 V - a +1 antimagic executioner's axe
Missiles
 s - 300 arrows (quivered)
Armour
 m - a +0 pair of boots (worn)
 n - the +6 scale mail of the Three Stars (worn) {rCorr Int+3}
   (You bought it in a shop on level 6 of the Dungeon)

   It affects your intelligence (+3).
   It protects you from acid and corrosion.
Jewellery
 A - a ring of protection from fire (left hand)
 K - an uncursed ring of positive energy
 N - a +6 ring of protection {unknown}
 P - an uncursed ring of flight
 R - an amulet of regeneration (around neck)
 S - a +1 ring of evasion (right hand)
 T - an uncursed ring of protection from magic {unknown}
Wands
 i - a wand of paralysis (10/24)
 y - a wand of confusion (31/48)
 O - a wand of lightning (3/15)
 U - a wand of iceblast (6/15)
Scrolls
 b - a scroll of random uselessness {unknown}
 d - 3 scrolls of amnesia {unknown}
 f - 6 scrolls of teleportation
 g - 3 scrolls of recharging
 j - 3 scrolls of fog
 k - 4 scrolls of identify
 l - 3 scrolls of enchant weapon
 q - 3 scrolls of blinking {unknown}
 r - 2 scrolls of noise {unknown}
 x - 2 scrolls of magic mapping {unknown}
 B - 4 scrolls of enchant armour {unknown}
 C - a scroll of immolation {unknown}
 D - 3 scrolls of fear
 I - 3 scrolls of remove curse
 L - a scroll of vulnerability {unknown}
 M - 4 scrolls of summoning {unknown}
Potions
 e - a potion of might
 t - 2 potions of curing
 w - 3 potions of haste
 E - 3 potions of heal wounds
 F - a potion of magic
 G - a potion of agility
 H - 4 potions of brilliance
 Q - a potion of resistance
Comestibles
 c - 11 bread rations
 h - 13 royal jellies
 o - 9 chunks of flesh
 p - 14 fruits
 v - 5 meat rations


   Skills:
 + Level 10.8 Fighting
 * Level 12.2 Axes
 * Level 12.1 Bows
 + Level 10.7 Armour
 + Level 8.2 Dodging


You had 13 spell levels left.
You didn't know any spells.

Dungeon Overview and Level Annotations

Branches:
Dungeon (9/15)             Temple (0/1) D:4            Lair (6/6) D:9
  Swamp (0/4) Lair:4        Snake (0/4) Lair:3        Slime (0/5) Lair:6
    Orc (1/2) D:9

Altars:
Elyvilon
Fedhas
Hepliaklqana
Makhleb
Nemelex Xobeh
Okawaru
Qazlal
Trog
Uskayaw
Vehumet
Wu Jian
Xom
Yredelemnul
Zin
Jiyva

Shops:
D:4 :   D:6 [   D:8 [


Innate Abilities, Weirdness & Mutations

You are resistant to torment.
Your stone body is resilient. (AC +9)
You are immune to poison.
Your large and strong wings let you fly indefinitely.
You resist negative energy. (rN+)
You are resistant to electric shocks. (rElec)
You can survive without breathing.
You are immune to petrification.
You are immune to rotting.


Message History

The orc knight is lightly wounded.
You slash the orc knight!
The orc knight is moderately wounded.
The orc knight hits you with a great mace!!
* * * LOW HITPOINT WARNING * * *
You hit the orc knight but do no damage.
The orc knight is moderately wounded.
You hit the orc knight.
The orc knight is heavily wounded.
The orc knight hits you with a great mace!
* * * LOW HITPOINT WARNING * * *
You feel a strong urge to attack something.
You are no longer berserk.
You are exhausted.
You feel yourself slow down.
There is an open door here.
Your troll goes berserk!
You are near starving!
The orc knight hits you with a great mace!!
You die...

#######
####....(####
#..'..)(.oT.##
...###'###@..#
..##.....##..#
#..#.......#..#
#..#.[...[.#..#
#..#.......#..#
#.(##.....##..#
####...#######...#
###.###.....(.(...##
#.....##.....(...##


You could see an orc knight and a friendly troll (berserk).

Vanquished Creatures
  Nessos (Lair:5)
  4 hydras
  2 catoblepae (Lair:6)
  12 death yaks
  A two-headed ogre (D:8)
  A deep troll shaman (Lair:6)
  An orc knight (Orc:1)
  A cyclops (Orc:1)
  The ghost of Paps the Covert, a novice OpAs of Gozag (D:6)
  10 elephants
  3 black mambas (Lair:3)
  4 spiny frogs
  A rime drake (Lair:4)
  6 komodo dragons
  2 trolls
  A polar bear (Lair:6)
  Prince Ribbit (D:7)
  2 hornets (D:9)
  2 tyrant leeches (Lair:4)
  11 dream sheep
  8 blink frogs (Lair:6)
  5 hippogriffs
  Sigmund (D:2)
  3 wyverns
  16 yaks
  2 basilisks
  3 swamp worms (Lair:4)
  2 soldier ants (D:9)
  18 water moccasins
  9 porcupines
  9 orc warriors
  A black bear (Lair:6)
  9 ogres
  A phantom (D:9)
  3 centaurs
  4 wolves
  7 crocodiles
  7 big kobolds (D:9)
  9 bullfrogs
  3 gnoll sergeants (D:9)
  2 scorpions
  13 wights
  2 howler monkeys
  A crimson imp (D:5)
  A quasit (D:7)
  A jelly (D:8)
  A bullfrog zombie (D:7)
  5 hounds
  7 orc priests
  2 centaur skeletons
  2 bullfrog skeletons
  Jessica (D:2)
  6 iguanas
  20 orc wizards
  6 worker ants
  2 hound skeletons
  A worker ant zombie (D:4)
  18 adders
  5 gnolls (D:9)
  A shadow imp (D:6)
  2 oozes
  An adder skeleton (D:4)
  6 worms
  3 dart slugs
  2 leopard geckos
  61 orcs
  5 giant cockroaches
  8 goblins
  9 hobgoblins
  3 jackals (D:1)
  3 quokkas
  2 ball pythons
  5 bats
  3 frilled lizards
  A giant cockroach zombie (D:5)
  17 kobolds
  A leopard gecko skeleton (D:9)
  8 rats
  4 fungi
  12 plants
440 creatures vanquished.

Vanquished Creatures (others)
  10 fungi
  7 plants
17 creatures vanquished.

Grand Total: 457 creatures vanquished

Notes
Turn   | Place    | Note
-------+----------+-------------------------------------------
     0 | D:1      | nikopol the Gargoyle Berserker began the quest for the Orb.
     0 | D:1      | Reached XP level 1. HP: 14/14 MP: 1/1
   143 | D:1      | Reached XP level 2. HP: 17/19 MP: 2/2
   670 | D:1      | Reached XP level 3. HP: 23/23 MP: 3/3
   768 | D:2      | Reached ** piety under Trog
   861 | D:2      | Found a radiant altar of Vehumet.
   862 | D:2      | Found a burning altar of Makhleb.
   946 | D:2      | Noticed Sigmund
   959 | D:2      | Killed Sigmund
   959 | D:2      | Reached XP level 4. HP: 13/30 MP: 4/4
   959 | D:2      | Reached XP level 5. HP: 14/34 MP: 5/5
  1002 | D:2      | Upgraded the game from 0.20-a0-1078-g4874019 to 0.20-a0-1086-g4bd2f5b
  1224 | D:2      | Noticed Jessica
  1232 | D:2      | Killed Jessica
  1232 | D:2      | Reached XP level 6. HP: 36/39 MP: 6/6
  2250 | D:3      | Found an iron altar of Okawaru.
  2376 | D:4      | Found Fokuug's Book Shop.
  2395 | D:4      | Reached *** piety under Trog
  2601 | D:4      | Found a staircase to the Ecumenical Temple.
  2605 | D:4      | Upgraded the game from 0.20-a0-1086-g4bd2f5b to 0.20-a0-1089-g3fde505
  2660 | D:4      | Found a stormy altar of Qazlal.
  2660 | D:4      | Found a shimmering altar of Xom.
  2687 | D:4      | Reached XP level 7. HP: 43/44 MP: 7/7
  2808 | D:4      | Reached skill level 5 in Fighting
  3244 | D:5      | Entered Level 5 of the Dungeon
  3327 | D:5      | Reached skill level 5 in Axes
  3327 | D:5      | Reached skill level 5 in Armour
  3357 | D:4      | Reached XP level 8. HP: 23/49 MP: 8/8
  3575 | D:5      | Found a hazy altar of Hepliaklqana.
  3578 | D:5      | Found a sparkling altar of Nemelex Xobeh.
  3691 | D:5      | Noticed Prince Ribbit
  3911 | D:5      | Found an iron altar of Okawaru.
  3940 | D:5      | Found a basalt altar of Yredelemnul.
  3940 | D:5      | Found a glowing silver altar of Zin.
  3941 | D:5      | Found an ornate altar of the Wu Jian Council.
  3982 | D:5      | Reached skill level 1 in Bows
  4761 | D:6      | Noticed Paps's ghost (novice OpAs)
  4863 | D:6      | Killed Paps's ghost
  4863 | D:6      | Reached XP level 9. HP: 55/55 MP: 9/9
  4921 | D:6      | Found Qivvialo's Antique Armour Shop.
  4937 | D:6      | Bought a steaming scale mail for 243 gold pieces
  4947 | D:6      | Identified the +6 scale mail of the Three Stars {rCorr Int+3} (You bought it in a shop on level 6 of the Dungeon)
  4988 | D:6      | Reached **** piety under Trog
  5315 | D:6      | Found a blossoming altar of Fedhas.
  5757 | D:7      | Killed Prince Ribbit
  6132 | D:7      | Reached skill level 5 in Bows
  6248 | D:8      | Noticed a two-headed ogre
  6261 | D:8      | Killed a two-headed ogre
  6261 | D:8      | Reached skill level 5 in Dodging
  6261 | D:8      | Reached XP level 10. HP: 63/63 MP: 10/10
  6404 | D:8      | Found Qurargh's Armour Shop.
  6525 | D:8      | Reached ***** piety under Trog
  6670 | D:8      | Found a hide-covered altar of Uskayaw.
  6708 | D:8      | Found a white marble altar of Elyvilon.
  7095 | D:9      | Received a gift from Trog
  7237 | D:9      | Found a bloodstained altar of Trog.
  7370 | D:9      | Received a gift from Trog
  7398 | D:9      | Found a staircase to the Orcish Mines.
  7589 | D:9      | Found a staircase to the Lair.
  7715 | D:9      | Reached XP level 11. HP: 42/68 MP: 11/11
  8067 | Lair:1   | Entered Level 1 of the Lair of Beasts
  8142 | Lair:1   | Noticed a death yak
  8143 | Lair:1   | Noticed a death yak
  8178 | Lair:1   | Killed a death yak
  8684 | Lair:1   | Noticed a death yak
  8707 | Lair:1   | Killed a death yak
  8713 | Lair:1   | Killed a death yak
  9619 | Lair:2   | Reached XP level 12. HP: 75/75 MP: 12/12
  9868 | Lair:3   | Reached skill level 10 in Axes
  9913 | Lair:3   | Found a staircase to the Snake Pit.
 10673 | Lair:3   | Received a gift from Trog
 11327 | Lair:4   | Found a staircase to the Swamp.
 11592 | Lair:4   | Received a gift from Trog
 11830 | Lair:4   | Reached skill level 10 in Bows
 12278 | Lair:5   | Noticed Nessos
 12287 | Lair:5   | Killed Nessos
 12675 | Lair:5   | Noticed an eight-headed hydra
 12683 | Lair:5   | Killed an eight-headed hydra
 12958 | Lair:6   | Entered Level 6 of the Lair of Beasts
 13004 | Lair:6   | Reached XP level 13. HP: 81/81 MP: 13/13
 13041 | Lair:6   | Reached skill level 10 in Fighting
 13292 | Lair:5   | Reached skill level 10 in Armour
 13646 | Lair:6   | Received a gift from Trog
 13718 | Lair:6   | Found a staircase to the Slime Pits.
 13718 | Lair:6   | Found a viscous altar of Jiyva.
 14498 | Lair:6   | Gained mutation: Your large and strong wings let you fly indefinitely. [Gargoyle growth]
 14498 | Lair:6   | Reached XP level 14. HP: 65/88 MP: 14/14
 14992 | Orc:1    | Entered Level 1 of the Orcish Mines
 15006 | Orc:1    | Reached ****** piety under Trog
 15115 | Orc:1    | Received a gift from Trog
 15264 | Orc:1    | Mangled by an orc knight

Vault maps used:
D:1:      dpeg_arrival_court, minmay_misc_feat_rugged
D:2:      gammafunk_temple_overflow_pools, kennysheep_boxes, uniq_sigmund,
          uniq_jessica
D:3:      first_bread, okawaru_altar_gauntlet_db
D:4:      chequers_temple_overflow_statue_of_worship, minmay_temple_entry_mist,
          serial_shops, shop
D:5:      grunt_temple_overflow_open, uniq_prince_ribbit1
D:6:      lemuel_coloured_pillars_altar, serial_shops,
          nicolae_shop_overgrown_old_shop
D:8:      nicolae_overflow_hidden_temple, serial_shops, shop, basic_altar
D:9:      lemuel_crystal_altar, david_lair_shrubbed,
          kennysheep_orc_monster_closet_entryway, hangedman_pestilent_swarm
Lair:1:   lemuel_fruit_tree, infiniplex_staircase_pool
Lair:2:   grunt_megastairs_1
Lair:3:   minmay_snake_entry_six_corridors
Lair:4:   minmay_swamp_entry_worms
Lair:5:   minivault_23, uniq_nessos
Lair:6:   grunt_lair_end_beastmaster, slime_altar_1
Orc:1:    cheibrodos_orc_arena

Skill      XL: |  1  2  3  4  5  6  7  8  9 10 11 12 13 14 |
---------------+-------------------------------------------+-----
Axes           | 3 4 5 6 7 8 9 11 12 | 12.2
Dodging        | 2 3 4 5 6 7 8 |  8.2
Fighting       | 4 5 6 7 8 9 10 | 10.8
Armour         | 3 4 5 6 7 8 9 10 | 10.7
Bows           | 3 5 7 9 10 11 12 | 12.1

Action                   |  1- 3 |  4- 6 |  7- 9 | 10-12 | 13-15 || total
-------------------------+-------+-------+-------+-------+-------++-------
Melee: Hand axe          |    94 |   105 |       |       |       ||   199
       War axe           |       |    68 |   357 |   231 |       ||   656
       Morningstar       |       |       |       |   325 |       ||   325
       Broad axe         |       |       |       |    44 |   156 ||   200
 Fire: Shortbow          |       |       |   128 |   269 |   215 ||   612
Invok: Berserk           |     1 |       |     4 |     4 |     3 ||    12
       Burn Spellbooks   |       |       |     1 |     1 |       ||     2
       Brothers in Arms  |       |       |       |       |     1 ||     1
  Use: Scroll            |       |       |    12 |     9 |       ||    21
  Eat: Chunk             |       |     7 |     9 |    24 |     9 ||    49
       Fruit             |       |       |     4 |     3 |       ||     7
       Royal jelly       |       |       |     1 |       |       ||     1
Armor: Animal skin       |     9 |       |       |       |       ||     9
       Ring mail         |    30 |    95 |    46 |       |       ||   171
       Scale mail        |       |       |   138 |   435 |    98 ||   671
Dodge: Dodged            |    62 |   141 |   248 |   406 |   139 ||   996
